 Dungeon Sprint DCSS version 0.30-a0-778-g2ef04afb54 (webtiles) character file.

Game seed: 1785319696404703641

863 BigDaddyOpFi the Covert (level 7, -8/27 HPs)
             Began as a Felid Earth Elementalist on Feb 16, 2023.
             Was the Champion of Vehumet.
             Mangled by an orc knight
             ... wielding a +2 bardiche
              (35 damage)
             ... in the Dungeon (Sprint VII: "The Pits").
             The game lasted 00:04:47 (2104 turns).

BigDaddyOpFi the Covert (Felid Earth Elementalist)  Turns: 2104, Time: 00:04:47

Health: -8/27      AC:  2    Str:  4    XL:     7   Next: 72%
Magic:  10/19      EV: 24    Int: 19    God:    Vehumet [******]
Gold:   0          SH:  0    Dex: 16    Spells: 13/22 levels left
                                        Lives:  0   Deaths: 2

rFire   . . .      SeeInvis +    (weapon unavailable)
rCold   . . .      Faith    .    (shield unavailable)
rNeg    . . .      Spirit   .    (body armour unavailable)
rPois   .          Reflect  .    (helmet unavailable)
rElec   .          Harm     .    (cloak unavailable)
rCorr   .          Rampage  .    (gloves unavailable)
Will    +....      NoTele   +    (boots unavailable)
Stlth   +++++                    (no amulet)
HPRegen 0.24/turn                (no ring)
MPRegen 0.16/turn                (no ring)

@: quick
A: very small, claws 1, fangs 3, see invisible, speed 1, shaggy fur 2, stealthy
paws, no weapons or thrown items, no armour, multi-lived
a: Renounce Religion


You were in the Dungeon.
You worshipped Vehumet.
Vehumet was exalted by your worship.
You visited 1 branch

Inventory:

Jewellery
 d - a +3 ring of intelligence
 h - a +3 ring of strength
Scrolls
 f - a scroll of blinking
Potions
 a - 4 potions of magic
 b - 7 potions of curing
 c - 5 potions of heal wounds
 e - 4 potions of berserk rage
 g - a potion of invisibility
 i - 3 potions of might
 j - 2 potions of brilliance


   Skills:
 + Level 11.4 Dodging
 + Level 12.2 Stealth
 + Level 8.1 Spellcasting
 + Level 9.3 Transmutations
 + Level 8.3 Earth Magic


You had 13 spell levels left.
You knew the following spells:

 Your Spells              Type           Power      Damage    Failure   Level
a - Sandblast             Erth           78%        2d17      1%          1
b - Stone Arrow           Conj/Erth      46%        3d9       1%          3
c - Momentum Strike       Conj/Tloc      14%        3d8       4%          2
d - Hailstorm             Conj/Ice       7%         3d4       7%          3

Your spell library contained the following spells:

 Spells                   Type           Power      Damage    Failure   Level
 Conjure Ball Lightning   Conj/Air       3%         3x3d6     96%         6
 Passwall                 Tmut/Erth      34%        N/A       1%          2
 Petrify                  Tmut/Erth      41%        N/A       2%          4


Dungeon Overview and Level Annotations

Branches:
Dungeon (1/1)

Altars:
Ashenzari
Cheibriados
Dithmenos
Elyvilon
Fedhas
Gozag
Hepliaklqana
Kikubaaqudgha
Makhleb
Nemelex Xobeh
Okawaru
Qazlal
Ru
Sif Muna
Trog
Uskayaw
Vehumet
Wu Jian
Xom
Yredelemnul
Zin
The Shining One
Jiyva
Lugonu


Innate Abilities, Weirdness & Mutations

You have sharp claws.
You have razor-sharp teeth.
You have supernaturally acute eyesight. (SInv)
You cover ground quickly. (Speed+)
You are covered in thick fur. (AC +2)
Your paws help you pounce on unaware monsters.
You are incapable of wielding weapons or throwing items.
You cannot wear armour.
You gain extra lives every three experience levels.


Message History

There is a huge open gate to the Metal Vault (Medium) here.
There is a huge open gate to the Metal Vault (Medium) here.
Casting: Stone Arrow (safe; 1% risk of failure)
Confirm with . or Enter, or press ? or * to list all spells.
You can't see any susceptible monsters within range! (Use Z to cast anyway.)
Casting: Stone Arrow (safe; 1% risk of failure)
Confirm with . or Enter, or press ? or * to list all spells.
Aiming: Momentum Strike (safe; 4% risk of failure)
Press: ? - help, Dir - move target, f - warg, p - orc knight
Aim: a warg (60% to hit)
The concentrated momentum hits the warg!!
The warg is heavily wounded.
You are unable to move.
Casting: Momentum Strike (safe; 4% risk of failure)
Confirm with . or Enter, or press ? or * to list all spells.
You cannot redirect your momentum while unable to move.
Unknown command.
You cannot move.
You cannot move.
You cannot move.
You cannot move.
You cannot move.
The orc warrior no longer looks unusually strong.
You cannot move.
You cannot move.
The warg completely misses you.
The orc knight roars a battlecry!
The orc warrior goes into a battle-frenzy!
The orc warrior no longer looks unusually strong.
The warg completely misses you. x2
The warg completely misses you.
The orc knight roars a battlecry!
The orc warrior goes into a battle-frenzy!
You cannot move.
You cannot move.
You are no longer robbed of momentum.
The warg misses you.
The orc knight hits you from afar with a +2 bardiche!!
Ouch! That really hurt!
You die...

#..#############+#
#############.................
#_________.##.................
#_________.###########''######
#_______...###########''######
##########'##................#
#.?(.')))'.##......#..#......#
##########.##..o.............+
#...........'@ho..C..........+
#'#####'#####.o....#..#......#
#.#.÷#).#[[##................#
#.#..'..#))#####'#####o'######
#.#..####))##.......##''#
#.#..#..#))##....)..##..#
#.#..#..#..##.......##h.#
#.##'#..#'###...<...##C.#
#)#..†.....##.......##).#


You could see an orc knight, a cyclops, a warg and 2 orc warriors.

Vanquished Creatures
  A manticore (D)
  Grum (D)
  A steam dragon (D)
  A floating eye (D)
  4 wolves (D)
  A phantom (D)
  A bullfrog (D)
  A gnoll sergeant (D)
  A crimson imp (D)
  An orc priest (D)
  An iron imp (D)
  An iguana (D)
  A river rat (D)
  2 ufetubi (D)
  An adder zombie (D)
  6 orcs (D)
  A giant cockroach (D)
  A goblin (D)
  A hobgoblin (D)
  2 jackals (D)
  3 ball pythons (D)
  A frilled lizard (D)
  A quokka zombie (D)
35 creatures vanquished.

Notes
Turn   | Place    | Note
-------+----------+-------------------------------------------
     0 | D        | BigDaddyOpFi the Felid Earth Elementalist began the quest
                  | for the Orb.
     0 | D        | Reached XP level 1. HP: 7/7 MP: 4/4
    28 | D        | Found a bloodstained altar of Trog.
    28 | D        | Found a shimmering blue altar of Sif Muna.
    28 | D        | Found a viscous altar of Jiyva.
    28 | D        | Found a hazy altar of Hepliaklqana.
    28 | D        | Found an opulent altar of Gozag.
    29 | D        | Found a glowing golden altar of the Shining One.
    29 | D        | Found a glowing silver altar of Zin.
    29 | D        | Found a basalt altar of Yredelemnul.
    29 | D        | Found a shimmering altar of Xom.
    29 | D        | Found an ornate altar of the Wu Jian Council.
    29 | D        | Found a sacrificial altar of Ru.
    29 | D        | Found a stormy altar of Qazlal.
    29 | D        | Found an iron altar of Okawaru.
    29 | D        | Found a sparkling altar of Nemelex Xobeh.
    29 | D        | Found a burning altar of Makhleb.
    29 | D        | Found a blossoming altar of Fedhas.
    29 | D        | Found a white marble altar of Elyvilon.
    29 | D        | Found a shadowy altar of Dithmenos.
    29 | D        | Found a snail-covered altar of Cheibriados.
    31 | D        | Found a corrupted altar of Lugonu.
    31 | D        | Found a radiant altar of Vehumet.
    32 | D        | Found an ancient bone altar of Kikubaaqudgha.
    32 | D        | Found a hide-covered altar of Uskayaw.
    32 | D        | Found a broken altar of Ashenzari.
    41 | D        | Became a worshipper of Vehumet
    60 | D        | Reached skill level 3 in Stealth
   205 | D        | Reached * piety under Vehumet
   205 | D        | Offered knowledge of Magic Dart by Vehumet.
   209 | D        | Reached XP level 2. HP: 11/11 MP: 2/6
   351 | D        | Reached ** piety under Vehumet
   353 | D        | Noticed a floating eye
   356 | D        | Killed a floating eye
   357 | D        | Reached skill level 6 in Stealth
   357 | D        | Reached XP level 3. HP: 14/14 MP: 6/9
   357 | D        | Reached XP level 4. HP: 18/18 MP: 7/11
   361 | D        | Learned a level 3 spell: Stone Arrow
   473 | D        | Noticed a bullfrog
   474 | D        | Offered knowledge of Scorch by Vehumet.
   474 | D        | Reached *** piety under Vehumet
   485 | D        | Reached skill level 7 in Stealth
   485 | D        | Reached skill level 5 in Transmutations
   485 | D        | Reached XP level 5. HP: 13/21 MP: 6/12
   490 | D        | Reached skill level 5 in Earth Magic
   492 | D        | Reached **** piety under Vehumet
   493 | D        | Reached skill level 5 in Spellcasting
   499 | D        | Reached skill level 8 in Stealth
   522 | D        | Gained mutation: You are covered in thick fur. (AC +2)
                  | [Felid growth]
   522 | D        | Reached XP level 6. HP: 24/24 MP: 1/15
   735 | D        | Offered knowledge of Momentum Strike by Vehumet.
   735 | D        | Reached ***** piety under Vehumet
   736 | D        | Reached skill level 9 in Stealth
   907 | D        | Learned a level 2 spell: Momentum Strike
   908 | D        | Noticed a manticore
   912 | D        | Slain by a manticore
   913 | D        | Reached XP level 5. HP: -4/21 MP: 4/14
   920 | D        | Killed a manticore
   920 | D        | Offered knowledge of Hailstorm by Vehumet.
   921 | D        | Reached skill level 10 in Stealth
   921 | D        | Reached XP level 6. HP: 24/24 MP: 8/16
   921 | D        | Reached XP level 7. HP: 27/27 MP: 9/18
  1053 | D        | Reached skill level 10 in Dodging
  1053 | D        | Reached skill level 11 in Stealth
  1306 | D        | Learned a level 3 spell: Hailstorm
  1306 | D        | Noticed a steam dragon
  1306 | D        | Noticed Grum
  1307 | D        | Offered knowledge of Kindle Blastsparks by Vehumet.
  1354 | D        | Slain by a wolf
  1355 | D        | Reached XP level 6. HP: -1/24 MP: 11/17
  1398 | D        | Offered knowledge of Conjure Ball Lightning by Vehumet.
  1398 | D        | Reached ****** piety under Vehumet
  1400 | D        | Reached XP level 7. HP: 27/27 MP: 4/19
  1402 | D        | Killed Grum
  1403 | D        | Reached skill level 12 in Stealth
  1689 | D        | Found the +10 dark maul {heavy}
  1883 | D        | Killed a steam dragon
  2077 | D        | Noticed an orc knight
  2077 | D        | Noticed a cyclops
  2104 | D        | Mangled by an orc knight

Illustrated notes

Levels and vault maps discovered:
D:        pitsprint [storerooms_1, entrance_room_1, metal_vault_3, armoury_3,
          mini_pit_1, grid_room_1, main_hall_1, silver_pit, the_coven_2,
          the_vestibule_1, steel_vault_5, golden_pit, hallway_of_sentries,
          crystal_vault_2, iron_vault_3, final_vault]

Skill      XL: |  1  2  3  4  5  6  7 |
---------------+----------------------+-----
Dodging        | 3 6 9 8 11 | 11.4
Stealth        | 3 6 7 10 9 12 | 12.2
Earth Magic    | 3 4 7 6 8 |  8.3
Transmutations | 2 4 5 8 9 |  9.3
Spellcasting   | 4 6 8 |  8.1

Action                     |  1- 3 |  4- 6 |  7- 9 || total
---------------------------+-------+-------+-------++-------
  Melee: Unarmed           |     3 |     2 |       ||     5
         Bite              |       |     1 |       ||     1
   Cast: Sandblast         |    10 |    24 |     9 ||    43
         Stone Arrow       |       |    18 |    18 ||    36
         Momentum Strike   |       |     2 |     3 ||     5
         Hailstorm         |       |       |     2 ||     2
    Use: Potion            |       |     4 |     4 ||     8
 Armour: Skin              |       |       |     3 ||     3
  Dodge: Dodged            |     3 |    40 |    57 ||   100

Table legend: (Time is in decaauts)
 A = Elapsed time spent in this place.
 B = Non-inter-level travel time spent in this place.
 C = Inter-level travel time spent in this place.
 D = Time resting spent in this place.
 E = Time spent auto-exploring this place.
 F = Levels seen in this place.
 G = Mean time per level.
                   A        B        C        D        E       F      G
               +--------+--------+--------+--------+--------+-----+--------+
         Total |   2026 |   1975 |     51 |   1527 |      0 |   1 | 2026.0 |
       Dungeon |   2026 |   1975 |     51 |   1527 |      0 |   1 | 2026.0 |
               +--------+--------+--------+--------+--------+-----+--------+

Top non-repeatable levels by time:
       D: 2026 daAuts
